 Dungeon Crawl Stone Soup version 0.30-a0-778-g2ef04afb54 (webtiles) character file.

Game seed: 462431487711447207

454 octoduck the Insei (level 7, -7/48 HPs)
             Began as a Merfolk Transmuter on Feb 15, 2023.
             Was an Initiate of Okawaru.
             Mangled by an ogre
             ... wielding a +0 giant club
              (18 damage)
             ... on level 3 of the Dungeon.
             The game lasted 00:14:13 (3905 turns).

octoduck the Insei (Merfolk Transmuter)             Turns: 3905, Time: 00:14:13

Health: -7/48      AC:  6    Str: 18    XL:     7   Next: 5%
Magic:  19/19      EV: 12    Int: 13    God:    Okawaru [......]
Gold:   179        SH:  0    Dex: 14    Spells: 7/10 levels left

rFire   . . .      SeeInvis .      - Unarmed
rCold   . . .      Faith    .    (no shield)
rNeg    . . .      Spirit   .    c - +0 ring mail
rPois   .          Reflect  .    (helmet currently unavailable)
rElec   .          Harm     .    k - +0 cloak
rCorr   .          Rampage  .    (no gloves)
Will    .....                    (boots currently unavailable)
Stlth   +                        b - amulet of regeneration
HPRegen 1.08/turn                f - +6 ring of strength
MPRegen 0.16/turn                j - ring of magical power

@: appendages
A: horns 2, (nimble swimmer 2), mertail
a: End Transformation, Renounce Religion


You were on level 3 of the Dungeon.
You worshipped Okawaru.
Okawaru was noncommittal.
You had temporarily grown beastly horns.
You visited 2 branches of the dungeon, and saw 5 of its levels.
You also visited: Sewer.

You collected 179 gold pieces.

Inventory:

Hand Weapons
 v - the +0 lajatang "Xynun" {vamp, rElec}
   (You found it on level 4 of the Dungeon)

   rElec:     It insulates you from electricity.
Missiles
 u - 4 poisoned darts
Armour
 a - a +0 robe
 c - a +0 ring mail (worn)
 d - a +1 pair of boots (melded)
 h - an orb of guile
 k - a +0 cloak (worn)
Jewellery
 b - an amulet of regeneration (around neck)
 f - a +6 ring of strength (left hand)
 j - a ring of magical power (right hand)
Scrolls
 m - a scroll of enchant armour
 p - a scroll of identify {unknown}
 q - a scroll of fog {unknown}
Potions
 e - 3 potions of curing {unknown}
 g - 2 potions of mutation {unknown}
 i - a potion of magic {unknown}
 l - a potion of flight {unknown}
 n - a potion of cancellation {unknown}
 o - a potion of experience {unknown}
 r - a potion of berserk rage {unknown}
 s - a potion of heal wounds {unknown}
 t - 3 potions of degeneration {unknown}


   Skills:
 - Level 1.1 Fighting
 - Level 4.1 Dodging
 + Level 6.7 Unarmed Combat
 - Level 2.0 Spellcasting
 + Level 5.8 Transmutations


You had 7 spell levels left.
You knew the following spells:

 Your Spells              Type           Power      Damage    Failure   Level
a - Beastly Appendage     Tmut           32%        N/A       4%          1
b - Wereblood             Tmut           16%        N/A       6%          2

Your spell library contained the following spells:

 Spells                   Type           Power      Damage    Failure   Level
 Spider Form              Tmut/Pois      8%         N/A       38%         3
 Magic Dart               Conj           4%         1d3       41%         1
 Ignite Poison            Fire/Tmut/Pois 6%         N/A       52%         3
 Inner Flame              Hex/Fire       1%         N/A       80%         3
 Kindle Blastsparks       Fire/Tloc/Air  2%         2d10      80%         3
 Mephitic Cloud           Conj/Pois/Air  1%         N/A       80%         3
 Ice Form                 Ice/Tmut       8%         N/A       80%         4
 Cause Fear               Hex            0%         N/A       99%         4
 Freezing Cloud           Conj/Ice/Air   0%         6-21      100%        5
 Discord                  Hex            0%         N/A       100%        8
 Call Imp                 Summ           Unusable   N/A       N/A         2

Dungeon Overview and Level Annotations

Branches:
Dungeon (4/15)             Temple (1/1) D:4           Sewer (visited)

Altars:
Ashenzari
Cheibriados
Hepliaklqana
Kikubaaqudgha
Okawaru
Qazlal
Ru
Trog
Uskayaw
Vehumet
Wu Jian
Xom
Yredelemnul
The Shining One

Shops:
D:2 !   D:4 [

Annotations:
D:2 Jessica, Terence


Innate Abilities, Weirdness & Mutations

You have temporarily grown beastly horns.
((You are very nimble when in or above water. (Stealth+, EV+, Speed+++)))
Your lower body shifts to a powerful aquatic tail in water.


Message History

Throw: 5 darts (poison)
Press: ? - help, Shift-Dir - straight line, f/p - ogre
Aim: an ogre, wielding a +0 giant club (lightly wounded, poisoned, 73% to hit)
You throw a poisoned dart. The poisoned dart hits the ogre.
The ogre is lightly wounded.
The ogre hits you with a +0 giant club!!
You climb upwards.
There is a stone staircase leading down here.
The ogre attacks as you move away! The ogre barely misses you.
The ogre looks more healthy.
Your transformation is almost over.
There is a stone staircase leading up here.
Casting: Beastly Appendage (safe; 4% risk of failure)
Confirm with . or Enter, or press ? or * to list all spells.
You extend your transformation's duration.
The ogre completely misses you.
You punch the ogre!
The ogre is moderately wounded.
The ogre closely misses you.
You hit the ogre but do no damage.
The ogre is moderately wounded.
You hit the ogre but do no damage.
The ogre is moderately wounded.
The ogre hits you with a +0 giant club!
You hit the ogre. Your headbutt misses the ogre.
The ogre is heavily wounded.
You completely miss the ogre.
The ogre is heavily wounded.
The ogre closely misses you.
You hit the ogre.
The ogre is severely wounded.
You barely miss the ogre.
The ogre is severely wounded.
The ogre hits you with a +0 giant club!!
Ouch! That really hurt!
* * * LOW HITPOINT WARNING * * *
You hit the ogre. You headbutt the ogre!
The ogre is almost dead.
The ogre hits you with a +0 giant club!!
You die...

#.# ####.## #.#
#####.# #....# #.#
......# ##.#### #.#
.###### ##..# ##># .#
###..### #..# ##
##......## ###.## ###
##........## #...#
..## ##..........#
###.### #..#
##.......@...# #...#
##.# ###........O...#
#.### ##.#
#...#..........# #.#
#.###.###..........#
##.#
#.##..............##
##..#
##.##...##..........#
#..##
#......###..........#
#.## ..#.#..#
#..........# ##.#
..#...## #..........#
#..#


You could see an ogre.

Vanquished Creatures
  Pargi (Sewer)
  An ogre (D:4)
  A hound (D:4)
  A jelly (D:4)
  An iguana (D:4)
  10 adders
  3 dart slugs
  8 orcs
  6 ball pythons
  3 bats (D:1)
  3 endoplasms
  4 giant cockroaches
  8 goblins
  5 hobgoblins (D:1)
  4 jackals
  6 quokkas
  6 frilled lizards
  9 kobolds
  4 rats (D:1)
84 creatures vanquished.

Vanquished Creatures (others)
  4 toadstools (D:1)
4 creatures vanquished.

Grand Total: 88 creatures vanquished

Notes
Turn   | Place    | Note
-------+----------+-------------------------------------------
     0 | D:1      | octoduck the Merfolk Transmuter began the quest for the
                  | Orb.
     0 | D:1      | Reached XP level 1. HP: 15/15 MP: 3/3
   204 | D:1      | Reached XP level 2. HP: 9/21 MP: 5/5
   377 | D:1      | Learned a level 2 spell: Wereblood
   679 | D:1      | Reached skill level 4 in Unarmed Combat
   870 | D:1      | Reached XP level 3. HP: 26/26 MP: 2/6
  1272 | D:2      | Found Ybil's Distillery.
  1430 | D:2      | Reached XP level 4. HP: 32/32 MP: 5/7
  1462 | D:2      | Noticed Terence
  1638 | D:2      | Found a shimmering altar of Xom.
  1788 | D:2      | Noticed Jessica
  1992 | D:2      | Reached skill level 5 in Unarmed Combat
  2455 | D:3      | Reached XP level 5. HP: 21/37 MP: 5/8
  2911 | D:4      | Noticed an ogre
  2959 | D:4      | Found a glowing drain.
  2975 | Sewer    | Entered a sewer
  3008 | Sewer    | Noticed Pargi
  3098 | Sewer    | Killed Pargi
  3099 | Sewer    | Reached skill level 6 in Unarmed Combat
  3099 | Sewer    | Reached XP level 6. HP: 39/43 MP: 9/9
  3305 | D:4      | Found Dizxawil's Armour Emporium.
  3355 | D:4      | Found a hide-covered altar of Uskayaw.
  3376 | D:4      | Reached skill level 5 in Transmutations
  3625 | D:4      | Reached XP level 7. HP: 48/48 MP: 10/10
  3719 | D:4      | Found a staircase to the Ecumenical Temple.
  3724 | D:4      | Identified the +0 lajatang "Xynun" {vamp, rElec}
  3729 | Temple   | Entered the Ecumenical Temple
  3788 | Temple   | Became a worshipper of Warmaster Okawaru
  3905 | D:3      | Mangled by an ogre

Illustrated notes

Levels and vault maps discovered:
D:1:      ldierk_walled_garden_2, layout_basic, minmay_tetromino_o4
D:2:      layout_loops_corners, serial_shops, nicolae_shop_behind_doors,
          basic_altar, uniq_crazy_yiuf_cottage, uniq_terence, uniq_natasha,
          uniq_jessica
D:3:      layout_rooms
D:4:      layout_rooms, nicolae_uskayaw_murder_on_the_dancefloor,
          minmay_temple_entry_wispy, portal_sewer_entry_d, serial_shops, shop,
          nicolae_eternal_life, minmay_bisected
Temple:   cyrus_circular_temple

Skill      XL: |  1  2  3  4  5  6 |
---------------+-------------------+-----
Dodging        | 3 4 |  4.1
Unarmed Combat | 4 5 6 |  6.7
Transmutations | 3 4 5 |  5.8
Fighting       | |  1.1
Spellcasting   | |  2.0

Action                     |  1- 3 |  4- 6 |  7- 9 || total
---------------------------+-------+-------+-------++-------
  Melee: Unarmed           |   103 |   155 |    22 ||   280
         Headbutt          |     5 |    20 |     3 ||    28
         Punch             |     1 |     6 |       ||     7
         Tailslap          |       |     5 |       ||     5
  Throw: Dart              |       |       |     2 ||     2
   Cast: Beastly Appendage |    19 |    32 |     5 ||    56
         Wereblood         |     2 |     2 |       ||     4
    Use: Potion            |     1 |     1 |       ||     2
         Scroll            |     3 |     3 |       ||     6
 Armour: Robe              |    16 |     2 |       ||    18
         Skin              |     1 |     7 |       ||     8
         Ring mail         |       |    30 |     2 ||    32
  Dodge: Dodged            |    73 |    94 |    21 ||   188

Table legend: (Time is in decaauts)
 A = Elapsed time spent in this place.
 B = Non-inter-level travel time spent in this place.
 C = Inter-level travel time spent in this place.
 D = Time resting spent in this place.
 E = Time spent auto-exploring this place.
 F = Levels seen in this place.
 G = Mean time per level.
                   A        B        C        D        E       F      G
               +--------+--------+--------+--------+--------+-----+--------+
         Total |   3813 |   3502 |    311 |   1058 |   1313 |   6 |  635.5 |
       Dungeon |   3519 |   3220 |    299 |    994 |   1213 |   4 |  879.8 |
        Temple |     64 |     52 |     12 |      0 |     42 |   1 |   64.0 |
         Sewer |    229 |    229 |      0 |     64 |     58 |   1 |  229.0 |
               +--------+--------+--------+--------+--------+-----+--------+

Top non-repeatable levels by time:
     D:1: 1211 daAuts
     D:2: 887 daAuts
     D:3: 848 daAuts
     D:4: 571 daAuts
   Sewer: 229 daAuts
  Temple: 64 daAuts
